 Dungeon Crawl Stone Soup version 0.25-a0-876-gadf69d5 (webtiles) character file.

Game seed: 1795338558349670703, levelgen mode: deterministic

51 Kurtz the Chopper (level 3, -1/29 HPs)
             Began as a Mummy Chaos Knight on May 1, 2020.
             Was a Plaything of Xom.
             Killed by divine providence
             ... invoked by an orc priest
              (15 damage)
             ... on level 3 of the Dungeon.
             The game lasted 00:00:59 (1032 turns).

Kurtz the Chopper (Mummy Chaos Knight)              Turns: 1032, Time: 00:01:00

Health: -1/29      AC:  5    Str: 16    XL:     3   Next: 57%
Magic:  3/3        EV: 11    Int: 11    God:    Xom [..*...]
Gold:   90         SH:  0    Dex: 11    Spells: 2/2 levels left

rFire    x . .     SeeInvis .   a - +0 hand axe (chaos)
rCold    + . .     Gourm    .   (no shield)
rNeg     + + +     Faith    .   b - +2 leather armour
rPois    ∞         Spirit   .   (no helmet)
rElec    .         Reflect  .   (no cloak)
rCorr    .         Harm     .   (no gloves)
MR       .....                  (no boots)
Stlth    +.........             (no amulet)
HPRegen  0.09/turn              (no ring)
MPRegen  0.08/turn              (no ring)

@: no status effects
A: no food or potions, fire vulnerability, cold resistance 1, negative energy
resistance 3, torment resistance, unbreathing
a: Renounce Religion


You were on level 3 of the Dungeon.
You worshipped Xom.
You were a toy of Xom.
You were not hungry.

You visited 1 branch of the dungeon, and saw 3 of its levels.

You collected 90 gold pieces.

Inventory:

Hand Weapons
 a - a +0 hand axe of chaos (weapon)
Armour
 b - a +2 leather armour (worn)
Scrolls
 c - a scroll of blinking {unknown}
 d - a scroll of enchant weapon {unknown}
 e - 3 scrolls of remove curse {unknown}
 f - a scroll of enchant armour {unknown}
 g - a scroll of identify {unknown}


   Skills:
 - Level 3.0 Fighting
 * Level 3.8 Axes
 - Level 1.5 Armour
 - Level 0.7 Dodging


You had 2 spell levels left.
You didn't know any spells.
Your spell library was empty.

Dungeon Overview and Level Annotations

Branches:
Dungeon (3/15)

Altars:


Innate Abilities, Weirdness & Mutations

You do not eat or drink.
Your flesh is vulnerable to fire.
You are immune to poison.
Your flesh is cold resistant. (rC+)
You are immune to negative energy. (rN+++)
You are immune to unholy pain and torment.
You can survive without breathing.


Message History

The orc priest invokes the aid of Beogh against you.
Beogh smites you!
The bat moves out of view.
A goblin comes into view.
The goblin shouts!
The orc priest looks encouraged for a moment.
An orc comes into view. It is wielding a +0 flail.
The orc barely misses you.
Found 2 grey potions.
You hit the orc priest.
The orc priest is moving more slowly.
The orc priest is heavily wounded.
You closely miss the orc. The orc priest barely misses you.
The orc barely misses you.
You hit the orc priest.
The orc priest is heavily wounded.
You closely miss the orc. The orc hits you with a +0 dagger.
The orc priest invokes the aid of Beogh against you.
Beogh smites you!
Ouch! That really hurt!
You die...
Xom chuckles heartily!

#..........# #
##....#'#####
!....##.#####.##
#..............
#.##.#..###..##
#....#..#
##.....# #.#.#.#
# #.#@#
......oo#
.......og
....♣..oSo
...♣....#.. .!
..♣..#... .
..♣♣..#.... ...
...# ##+#


You could see an orc priest (petrifying), an orc wizard, an adder, 3 orcs and a
goblin.

Vanquished Creatures
  An ooze (D:2)
  3 dart slugs
  2 leopard geckos (D:1)
  3 giant cockroaches
  5 goblins
  4 hobgoblins
  3 jackals (D:1)
  3 kobolds
  A quokka (D:2)
  4 bats
  2 frilled lizards (D:2)
  6 rats
37 creatures vanquished.

Notes
Turn   | Place    | Note
-------+----------+-------------------------------------------
     0 | D:1      | Kurtz the Mummy Chaos Knight began the quest for the Orb.
     0 | D:1      | Reached XP level 1. HP: 18/18 MP: 1/1
    56 | D:1      | XOM: smoke on damage
    72 | D:1      | Reached XP level 2. HP: 11/24 MP: 2/2
   188 | D:1      | XOM: divination: detect creatures
   247 | D:1      | XOM: silly message
   282 | D:1      | XOM: divination: detect creatures
   448 | D:2      | Reached XP level 3. HP: 24/29 MP: 3/3
   571 | D:2      | XOM: 1-stop teleportation journey
   573 | D:2      | XOM: confusion (+ monsters)
   833 | D:2      | XOM: god gift: 26 gold pieces
  1032 | D:3      | Killed from afar by an orc priest

Levels and vault maps discovered:
D:1:      lightli_arrival_noodles, layout_rooms, dk_noncrumbling_3
D:2:      layout_loops_ring, grunt_ministairs_3
D:3:      layout_basic, hex_intersection, st_stairs_14, chequers_garden,
          uniq_sigmund

Skill      XL: |  1 |
---------------+----+-----
Axes           | 3 |  3.8
Fighting       | |  3.0
Armour         | |  1.5
Dodging        | |  0.7

Action                   || total
-------------------------++-------
Melee: Hand axe          ||    82
Armor: Leather armour    ||    32
Dodge: Dodged            ||    47

Table legend:
 A = Non-vault XP
 B = Vault XP
 C = Vault XP percentage of total XP
 D = Non-vault monster count
 E = Vault monster count
 F = Vault count percentage of total count
                 A         B        C        D         E       F
            +---------+---------+-------+---------+---------+-------
      Total |      69 |       4 |   5.5 |      35 |       2 |   5.4
            +---------+---------+-------+---------+---------+-------
        D:1 |      37 |       0 |   0.0 |      18 |       0 |   0.0
        D:2 |      28 |       4 |  12.5 |      16 |       2 |  11.1
        D:3 |       4 |       0 |   0.0 |       1 |       0 |   0.0
            +---------+---------+-------+---------+---------+-------
